 Dungeon Crawl Stone Soup version 0.28.0-53-g5a82cb258f (webtiles) character file.

Game seed: 15676976428830196589

928 unlimited1921 the Magician (level 8, -4/51 HPs)
             Began as a Djinni Fire Elementalist on July 19, 2022.
             Slain by a yak (14 damage)
             ... on level 5 of the Dungeon.
             The game lasted 00:19:00 (7449 turns).

unlimited1921 the Magician (DjFE)                   Turns: 7449, Time: 00:19:02

Health: -4/51      AC:  3    Str:  7    XL:     8   Next: 32%
Gold:   258        EV: 13    Int: 18    God:
                   SH:  0    Dex: 15

rFire   + + .      SeeInvis .   n - +0 short sword (venom)
rCold   x . .      Faith    .   (no shield)
rNeg    . . .      Spirit   .   a - +0 robe
rPois   ∞          Reflect  .   (no helmet)
rElec   .          Harm     .   h - +0 cloak
rCorr   .          Rampage  .   (no gloves)
Will    .....                   (boots unavailable)
Stlth   ++........              (no amulet)
HPRegen 0.17/turn               (no ring)
MPRegen 0.00/turn               (no ring)

@: flying
A: sickness immunity, fire resistance 2, cold vulnerability 1, float, innate
caster, HP casting, extra vitality 1
a: no special abilities


You were on level 5 of the Dungeon.
You visited 1 branch of the dungeon, and saw 5 of its levels.

You collected 258 gold pieces.

Inventory:

Hand Weapons
 d - a +0 war axe
 j - a +0 quarterstaff
 n - a +0 short sword of venom (weapon)
 r - a +2 vorpal flail
Missiles
 e - 167 stones
 s - 3 poisoned darts
 t - 2 boomerangs (quivered)
Armour
 a - a +0 robe (worn)
 b - a +0 leather armour
 h - a +0 cloak (worn)
Scrolls
 c - 2 scrolls of summoning {unknown}
 f - a scroll of magic mapping {unknown}
 g - 2 scrolls of blinking {unknown}
 i - 2 scrolls of acquirement {unknown}
 o - 2 scrolls of identify {unknown}
 p - 2 scrolls of amnesia {unknown}
 q - a scroll of enchant weapon {unknown}
 v - 2 scrolls of enchant armour {unknown}
 w - a scroll of immolation {unknown}
 x - a scroll of teleportation {unknown}
Potions
 l - 2 potions of curing {unknown}
 m - 3 potions of lignification {unknown}
 u - a potion of brilliance {unknown}
 z - 2 potions of might {unknown}


   Skills:
 + Level 0.7 Fighting
 + Level 1.5 Short Blades
 + Level 1.1 Throwing
 + Level 3.2 Dodging
 + Level 3.7 Stealth
 + Level 6.1 Spellcasting


You had one spell level left.
You knew the following spells:

 Your Spells              Type           Power      Damage    Failure   Level
a - Foxfire               Conj/Fire      100%       2x1d9     1%          1
b - Scorch                Fire           54%        2d8       1%          2
c - Conjure Flame         Conj/Fire      27%        6-21      3%          3
d - Inner Flame           Hex/Fire       27%        N/A       3%          3
e - Flame Wave            Conj/Fire      27%        2d7       10%         4
f - Sandblast             Erth           54%        2d13      1%          1
g - Ensorcelled Hibernat  Hex/Ice        54%        N/A       1%          2
h - Blink                 Tloc           54%        N/A       1%          2
Your spell library was empty.

Dungeon Overview and Level Annotations

Branches:
Dungeon (5/15)
 Temple: D:4-7

Altars:
Zin

Shops:
D:4 :


Innate Abilities, Weirdness & Mutations

You are immune to sickness and miasma.
You are immune to poison.
Your flesh is very heat resistant. (rF++)
You are vulnerable to cold. (rC-)
You float through the air rather than walking.
You learn spells naturally, not from books.
Your magical power is your life essence.
You have superior vitality. (+4 MHP)


Message History

The yak resists with significant effort.
The yak barely misses you.
Casting: Ensorcelled Hibernation (safe; 1% risk of failure)
Confirm with . or Enter, or press ? or * to list all spells.
Aiming: Ensorcelled Hibernation (safe; 1% risk of failure)
Press: ? - help, Shift-Dir - straight line, f/p - yak
Aim: a yak (chance to affect: 56%)
The yak resists with significant effort.
The yak gores you!
Casting: Ensorcelled Hibernation (safe; 1% risk of failure)
Confirm with . or Enter, or press ? or * to list all spells.
Okay, then.
You feel much better. The yak gores you!
Casting: Ensorcelled Hibernation (safe; 1% risk of failure)
Confirm with . or Enter, or press ? or * to list all spells.
Flames lash the yak.
The yak is moderately wounded.
The yak's fire resistance burns away.
The yak barely misses you.
Casting: Scorch (safe; 1% risk of failure)
Confirm with . or Enter, or press ? or * to list all spells.
Flames lash the yak.
The yak is severely wounded.
The yak's fire resistance burns away.
The yak gores you.
* * * LOW HITPOINT WARNING * * *
Your magical contamination has completely faded away.
Casting: Scorch (safe; 1% risk of failure)
Confirm with . or Enter, or press ? or * to list all spells.
Flames lash the yak.
The yak is burned terribly!
You kill the yak!
* * * LOW HITPOINT WARNING * * *
The yak misses you.
Your Spellcasting skill increases to level 6!
Casting: Scorch (safe; 1% risk of failure)
Confirm with . or Enter, or press ? or * to list all spells.
Flames lash the yak.
Flame seeps out of the yak.
The yak is moderately wounded.
The yak's fire resistance burns away.
* * * LOW HITPOINT WARNING * * *
The yak gores you!
You die...

.. #.......# ...
#.......#
....#.......#
.....)......#
.....#......#
......Y[#
..8...#.# .....
#)#########
......#<....@YY.#
... #.#.#######Y#
.. #.).........#
. #.........YY#
##.........##
#.........#
#.........#
#....c....#
#.........#


You could see 3 yaks.

Vanquished Creatures
  Sigmund (D:2)
  A yak (D:5)
  2 ogres
  A scorpion (D:5)
  A wyvern zombie (D:5)
  A bullfrog zombie (D:5)
  A hound (D:4)
  A bullfrog skeleton (D:4)
  A gnoll shaman (D:5)
  3 hound zombies (D:5)
  4 gnolls (D:5)
  4 adders
  A river rat (D:3)
  An adder zombie (D:5)
  4 worms
  A dart slug (D:4)
  An orc (D:3)
  4 bats
  6 endoplasms
  2 giant cockroaches
  6 hobgoblins
  5 jackals (D:1)
  3 quokkas
  10 ball pythons
  2 frilled lizards
  6 goblins
  5 kobolds
  7 rats
85 creatures vanquished.

Vanquished Creatures (others)
  169 foxfires
  3 withered plants (D:5)
172 creatures vanquished.

Grand Total: 257 creatures vanquished

Notes
Turn   | Place    | Note
-------+----------+-------------------------------------------
     0 | D:1      | unlimited1921 the Djinni Fire Elementalist began the quest
                  | for the Orb.
     0 | D:1      | Reached XP level 1. HP: 15/15 MP: 0/0
   778 | D:1      | Reached XP level 2. HP: 19/21 MP: 0/0
   798 | D:1      | HP: 1/21 [jackal (2)]
  1103 | D:1      | Found a faded altar of an unknown god.
  1443 | D:1      | Reached skill level 3 in Spellcasting
  1444 | D:1      | Reached XP level 3. HP: 20/25 MP: 0/0
  1444 | D:1      | Learned a level 1 spell: Sandblast
  2063 | D:2      | Noticed Sigmund
  2071 | D:2      | Killed Sigmund
  2072 | D:2      | Reached skill level 4 in Spellcasting
  2072 | D:2      | Reached XP level 4. HP: 21/31 MP: 0/0
  2072 | D:2      | Reached XP level 5. HP: 24/35 MP: 0/0
  2072 | D:2      | Learned a level 2 spell: Ensorcelled Hibernation
  2072 | D:2      | Reached XP level 6. HP: 28/40 MP: 0/0
  4426 | D:3      | Noticed an ogre
  4431 | D:3      | Killed an ogre
  5134 | D:3      | Found a glowing silver altar of Zin.
  5319 | D:4      | Found Ituasirgh's Self-Improvement Boutique.
  5346 | D:4      | Reached XP level 7. HP: 36/45 MP: 0/0
  5346 | D:4      | Learned a level 2 spell: Blink
  5960 | D:4      | Reached skill level 5 in Spellcasting
  6060 | D:4      | Reached skill level 1 in Short Blades
  6610 | D:4      | Reached skill level 1 in Throwing
  6798 | D:5      | Entered Level 5 of the Dungeon
  6798 | D:5      | Noticed a yak
  6798 | D:5      | Noticed a yak
  6798 | D:5      | Noticed a yak
  6798 | D:5      | Noticed a yak
  7267 | D:5      | Reached XP level 8. HP: 45/51 MP: 0/0
  7448 | D:5      | Killed a yak
  7449 | D:5      | Reached skill level 6 in Spellcasting
  7449 | D:5      | Slain by a yak

Illustrated notes

Levels and vault maps discovered:
D:1:      giann_wishing_wells, layout_basic,
          hellmonk_ecumenical_altar_dog_temple
D:2:      layout_rooms, serial_corexii_hall, corexii_hall_statues_u,
          corexii_hall_statues_l, minmay_quadrilaterals, uniq_sigmund
D:3:      layout_basic, zin_statuary, gup_sewer_entry_spiral, minmay_surrounded
D:4:      layout_basic, nicolae_shop_self_help
D:5:      layout_basic, nicolae_overflow_hidden_temple,
          minmay_temple_entry_poolview, serial_undead, serial_undead_d,
          serial_undead_f, serial_undead_e, serial_undead_b, serial_undead_d

Skill      XL: |  1  2  3  4  5  6  7  8 |
---------------+-------------------------+-----
Spellcasting   | 3 4 5 6 |  6.1
Stealth        | 2 3 |  3.7
Short Blades   | 1 |  1.5
Throwing       | 1 |  1.1
Dodging        | 3 |  3.2
Fighting       | |  0.7

Action                   |  1- 3 |  4- 6 |  7- 9 || total
-------------------------+-------+-------+-------++-------
Melee: Short sword       |     1 |    19 |       ||    20
Throw: Boomerang         |       |    16 |       ||    16
 Cast: Foxfire           |    48 |    40 |    15 ||   103
       Scorch            |     3 |    20 |    22 ||    45
       Inner Flame       |     1 |     1 |     9 ||    11
       Sandblast         |     1 |       |     9 ||    10
       Ensorcelled Hiber |       |     2 |     3 ||     5
       Blink             |       |       |     3 ||     3
       Conjure Flame     |       |       |     1 ||     1
       Flame Wave        |       |       |     1 ||     1
  Use: Potion            |       |       |     4 ||     4
 Stab: Sleeping          |     1 |     1 |       ||     2
Armor: Robe              |       |     2 |     2 ||     4
Dodge: Dodged            |     4 |    16 |    18 ||    38
